 Dungeon Crawl Stone Soup version 0.29.1-1-gd02db6906a (webtiles) character file.

Game seed: 10154447747451690287

25 Romesagentofchaos the Sneak (level 2, -1/14 HPs)
             Began as a Spriggan Brigand on Oct 22, 2022.
             Slain by a kobold
             ... wielding a +0 dagger of venom
              (3 damage)
             ... on level 1 of the Dungeon.
             The game lasted 00:03:02 (611 turns).

Romesagentofchaos the Sneak (Spriggan Brigand)       Turns: 611, Time: 00:03:03

Health: -1/14      AC:  3    Str:  7    XL:     2   Next: 82%
Magic:  3/3        EV: 16    Int: 12    God:
Gold:   22         SH:  0    Dex: 16    Spells: 1/1 levels left

rFire   x . .      SeeInvis +   a - +2 dagger
rCold   + . .      Faith    .   (no shield)
rNeg    . . .      Spirit   .   b - +0 robe
rPois   .          Reflect  .   (helmet restricted)
rElec   .          Harm     .   c - +0 cloak
rCorr   .          Rampage  .   (gloves unavailable)
Will    .....                   (boots unavailable)
Stlth   ++++......              (no amulet)
HPRegen 0.04/turn               i - ring of ice
MPRegen 0.08/turn               (no ring)

@: lethally poisoned (-1 -> -15), attractive, very quick
A: very small, no large weapons, unfitting armour, see invisible, speed 3
a: no special abilities


You were on level 1 of the Dungeon.
You visited 1 branch of the dungeon, and saw 1 of its levels.

You collected 22 gold pieces.

Inventory:

Hand Weapons
 a - a +2 dagger (weapon)
Missiles
 d - 11 poisoned darts (quivered)
 e - 3 curare-tipped darts
Armour
 b - a +0 robe (worn)
 c - a +0 cloak (worn)
Jewellery
 i - a ring of ice (left hand)
Scrolls
 h - 2 scrolls of fog
Potions
 g - a potion of haste {unknown}
 k - a potion of invisibility {unknown}


   Skills:
 + Level 1.6 Fighting
 + Level 2.2 Short Blades
 + Level 2.1 Throwing
 + Level 1.3 Dodging
 + Level 7.2 Stealth


You had one spell level left.
You didn't know any spells.
Your spell library was empty.

Dungeon Overview and Level Annotations

Branches:
Dungeon (1/15)

Altars:


Innate Abilities, Weirdness & Mutations

You are very small and have problems with some larger weapons.
You are too small for most types of armour.
You have supernaturally acute eyesight. (SInv)
You cover ground extremely quickly. (Speed+++)


Message History

A kobold comes into view. It is wielding a +0 dagger of venom.
The frilled lizard hisses angrily.
The kobold shouts!
The kobold barely misses you.
You hit the kobold.
The kobold is moderately wounded.
You closely miss the kobold.
The kobold is moderately wounded.
The kobold closely misses you.
You closely miss the kobold.
The kobold is moderately wounded.
The frilled lizard barely misses you. The kobold hits you but does no damage.
You are poisoned.
You barely miss the frilled lizard.
You feel very sick.
The frilled lizard bites you but does no damage.
The kobold hits you but does no damage.
You are lethally poisoned!
You hit the frilled lizard.
You kill the frilled lizard!
You feel very sick. The kobold barely misses you.
You completely miss the kobold.
The kobold is moderately wounded.
You feel very sick. The kobold misses you.
You feel much better.
You feel very sick.
The kobold hits you with a +0 dagger of venom.
You are more poisoned.
You hit the kobold.
The kobold is severely wounded.
You feel very sick. The kobold barely misses you.
It was a potion of attraction.
You feel attractive to monsters.
* * * LOW HITPOINT WARNING * * *
You feel very sick.
The kobold hits you with a +0 dagger of venom.
You die...

##.....†.+ ..
+....... #......###
..... ####...#
#..#.#.# $.... #...#
#...##.# #.... #.#.#
#......# ##.#...
#....
###.######...#+###
###.# #.#
##........# #.#
#####.####.........#
#.#
#.........#.@......#
#.#
#.###.###.##.K...#.#
#.# #.# #)###...##
#.# #.# #.# ..## #.
#.# #†# .## #.. ...
.. #####.## ## #.#
..#


You could see a kobold.

Vanquished Creatures
  2 endoplasms (D:1)
  5 goblins (D:1)
  4 hobgoblins (D:1)
  A quokka (D:1)
  A ball python (D:1)
  A bat (D:1)
  2 frilled lizards (D:1)
  5 kobolds (D:1)
  A rat (D:1)
22 creatures vanquished.

Notes
Turn   | Place    | Note
-------+----------+-------------------------------------------
     0 | D:1      | Romesagentofchaos the Spriggan Brigand began the quest for
                  | the Orb.
     0 | D:1      | Reached XP level 1. HP: 10/10 MP: 2/2
    28 | D:1      | Found a faded altar of an unknown god.
    46 | D:1      | Reached skill level 6 in Stealth
   247 | D:1      | Reached XP level 2. HP: 14/14 MP: 3/3
   465 | D:1      | Reached skill level 7 in Stealth
   611 | D:1      | Slain by a kobold

Illustrated notes

Levels and vault maps discovered:
D:1:      psy_arrival_spokes, layout_loops_corners,
          shapermc_ecumenical_altar_pompeii

Skill      XL: |  1  2 |
---------------+-------+-----
Stealth        | 6 7 |  7.2
Fighting       | |  1.6
Short Blades   | |  2.2
Throwing       | |  2.1
Dodging        | |  1.3

Action                   || total
-------------------------++-------
Melee: Dagger            ||    47
Throw: Dart              ||     3
  Use: Scroll            ||     2
       Potion            ||     3
 Stab: Sleeping          ||    14
Armor: Robe              ||     5
Dodge: Dodged            ||    20
